 Dungeon Crawl Stone Soup version bcrawl-1.20.1 (webtiles) character file.

Game seed: 10518024333918626089

69308 MisterOstroum the Grappler (level 15, -2/168 HPs)
             Began as a Naga Transmuter on Jan 23, 2020.
             Was a Priest of Sif Muna.
             Slain by a sixfirhy (12 damage)
             ... summoned by an orc high priest
             ... in the Orcish Mines on Jan 25, 2020.
             The game lasted 01:24:45 (29178 turns).

MisterOstroum the Grappler (Naga Transmuter)       Turns: 29178, Time: 01:24:46

Health: -2/168     AC:  8    Str: 18    XL:     15   Next: 29%
Magic:  20/25      EV: 14    Int: 13    God:    Sif Muna [***...]
Gold:   2117       SH:  0    Dex: 13    Spells: 9/28 levels left

rFire    . . .     SeeInvis +     - Unarmed
rCold    + + .     Gourm    +   (shield currently unavailable)
rNeg     . . .     Faith    .   (armour currently unavailable)
rPois    +         Spirit   .   (helmet currently unavailable)
rElec    .         Reflect  .   (cloak currently unavailable)
rCorr    .         Harm     .   (gloves currently unavailable)
MR       +++..                  (no barding)
Stlth    +++.......             k - amulet of the gourmand
HPRegen  1.38/turn              Q - ring of fire
MPRegen  0.19/turn              L - +6 ring of slaying

@: ice-form, very slightly contaminated, regenerating, divine energy
A: large, see invisible, slow metabolism 1, spit poison 1, AC +5
a: Spit Poison, End Transformation, Stop Divine Energy, Channel Magic, Renounce
Religion


You were in the Orcish Mines.
You worshipped Sif Muna.
Sif Muna was most pleased with you.
You were completely stuffed.
You were a creature of crystalline ice.
You visited 4 branches of the dungeon, and saw 19 of its levels.
You also visited: Ossuary.

You collected 2359 gold pieces.
You spent 242 gold pieces at shops.

Inventory:

Missiles
 a - 2853 arrows
 p - 436 tomahawks (quivered)
 q - 4782 stones
 y - 2589 sling bullets
 T - 2 throwing nets {!f!f}
Armour
 c - a +2 helmet (melded)
 m - a +0 cloak
 E - a scarf of cloud immunity (melded)
 I - a +0 buckler (melded)
 J - +0 steam dragon scales (melded)
Jewellery
 b - a +3 ring of strength {unknown}
 k - an amulet of the gourmand (around neck)
 v - an uncursed ring of protection from magic
 L - a +6 ring of slaying (right front paw)
 M - an uncursed ring of resist corrosion
 Q - a ring of fire (left front paw)
 R - the ring "Ysaenlet" {*Slow rElec rN+ Dex+3 SInv, unknown}
   (You found it on level 6 of the Lair of Beasts)

   [ring of positive energy]

   It affects your dexterity (+3).
   It insulates you from electricity.
   It protects you from negative energy.
   It lets you see invisible.
   It may slow you when you take damage.
 X - an uncursed ring of protection from cold
Wands
 A - a wand of random effects (28)
 K - a wand of flame (23)
 N - a wand of paralysis (4)
 O - a wand of polymorph (21)
 P - a wand of clouds (2)
 Y - a wand of digging (6)
Scrolls
 f - 2 scrolls of blinking {@r4}
 g - 8 scrolls of teleportation {@r3 !r}
 i - 2 scrolls of fog {unknown}
 j - 9 scrolls of amnesia
 s - 11 scrolls of remove curse {@r2}
 t - a scroll of enchant armour
 w - 3 scrolls of immolation
 x - 5 scrolls of fear
 C - 2 scrolls of magic mapping {@r5 !r}
 U - a scroll of vulnerability {unknown}
Potions
 d - 7 potions of lignification {@q6}
 h - 8 potions of brilliance
 n - 5 potions of haste {@q4 !q}
 o - a potion of heal wounds {@q2 !q}
 r - 13 potions of curing {@q1 !q}
 u - 6 potions of agility {@q5 !q}
 z - 2 potions of invisibility
 B - a potion of cancellation
 D - a potion of ambrosia
 F - a potion of resistance {unknown}
 G - 4 potions of flight
 H - 4 potions of mutation
 Z - 2 potions of berserk rage
Miscellaneous
 l - a box of beasts
 S - a lamp of fire
 W - a lightning rod (4/4)
Comestibles
 e - 38 rations {!d}
 V - 2 chunks of flesh


   Skills:
 * Level 10.9 Fighting
 + Level 8.3 Dodging
 - Level 5.2 Stealth
 + Level 13.0 Unarmed Combat
 - Level 7.0 Spellcasting
 - Level 5.0 Charms
 - Level 5.0 Necromancy
 * Level 11.1 Transmutations
 - Level 6.5 Ice Magic
 - Level 6.0 Poison Magic
 + Level 3.2 Invocations
 * Level 6.2 Evocations


You had 9 spell levels left.
You knew the following spells:

 Your Spells              Type           Power        Failure   Level  Hunger
b - Sticks to Snakes      Tmut           ####....     1%          2    #......
A - Ice Form              Ice/Tmut       ####....     4%          4    ####...
C - Spider Form           Tmut/Pois      ###          1%          3    ##.....
D - Blade Hands           Tmut           ####......   4%          5    ######.
H - Regeneration          Chrm/Necr      ###.......   6%          3    ##.....
S - Song of Slaying       Chrm           ###.....     3%          2    #......

Your spell library contained the following spells:

 Spells                   Type           Power        Failure   Level  Hunger
 Beastly Appendage        Tmut           ####..       1%          1    None
 Freeze                   Ice            ###...       1%          1    None
 Infusion                 Chrm           ###.....     1%          1    None
 Passwall                 Tmut/Erth      ###.....     2%          2    #......
 Ensorcelled Hibernation  Hex/Ice        ##....       6%          2    #......
 Throw Frost              Conj/Ice       ##....       6%          2    #......
 Olgreb's Toxic Radiance  Pois           ###.....     12%         4    ####...
 Apportation              Tloc           #.....       16%         1    None
 Corona                   Hex            #......      16%         1    None
 Flame Tongue             Conj/Fire      #....        16%         1    None
 Sandblast                Erth           #.....       16%         1    None
 Slow                     Hex            #.......     16%         1    None
 Summon Butterflies       Summ           #.......     16%         1    None
 Spectral Weapon          Hex/Chrm       ##......     16%         3    ##.....
 Yara's Violent Unravell  Hex/Tmut       ###.......   16%         4    ####...
 Mephitic Cloud           Conj/Pois/Air  #.......     21%         3    ##.....
 Searing Ray              Conj           #.......     22%         2    #......
 Shackle                  Hex            #.......     22%         2    #......
 Summon Ice Beast         Ice/Summ       ##......     36%         4    ####...
 Confuse                  Hex            #.......     41%         3    ##.....
 Dazzling Spray           Conj/Hex       #.....       41%         3    ##.....
 False Image              Hex/Summ       #.......     41%         3    ##.....
 Inner Flame              Hex/Fire       N/A          41%         3    ##.....
 Iskenderun's Mystic Bla  Conj           #.......     41%         3    ##.....
 Tukima's Dance           Hex            #.......     41%         3    ##.....
 Piercing Shot            Chrm           ###.......   47%         5    ######.
 Venom Bolt               Conj/Pois      ##........   77%         5    ######.
 Cause Fear               Hex            #.........   83%         4    ####...
 Bolt of Draining         Conj/Necr      ##........   83%         5    ######.
 Iskenderun's Battlesphe  Conj/Chrm      ##......     83%         5    ######.
 Ozocubu's Refrigeration  Ice            ###.......   83%         6    #######
 Simulacrum               Ice/Necr       ###.......   91%         6    #######
 Bolt of Magma            Conj/Fire/Erth #.........   99%         5    ######.
 Fireball                 Conj/Fire      #.........   99%         5    ######.
 Bolt of Cold             Conj/Ice       ##........   99%         6    #######
 Conjure Ball Lightning   Conj/Air       #.........   100%        6    #######
 Discord                  Hex            #.........   100%        8    #######
 Glaciate                 Conj/Ice/Air   ##........   100%        8    #######


Dungeon Overview and Level Annotations

Branches:
Dungeon (11/12)            Temple (1/1) D:7            Lair (6/6) D:8
  Swamp (0/3) Lair:4        Snake (0/3) Lair:4        Slime (0/5) Lair:5
    Orc (1/1) D:11            Elf (0/3) Orc
 Vaults: D:11-12

Altars:
Ashenzari
Cheibriados
Elyvilon
Fedhas
Gozag
Hepliaklqana
Kikubaaqudgha
Lugonu
Nemelex Xobeh
Okawaru
Qazlal
Ru
Sif Muna
Trog
Wu Jian
Xom
Yredelemnul
Zin
Jiyva

Shops:
D:4 ?   D:5 [   D:6 (   D:10 *

Annotations:
D:3 3 runed translucent doors, Mrkan's ghost, amateur OgBe
D:7 1 exclusion
D:9 1 runed door
D:11 exclusions: vault guard, yaktaur and 1 more exclusion


Innate Abilities, Weirdness & Mutations

You cannot wear boots.
((Your serpentine skin is tough. (AC +5)))
You have supernaturally acute eyesight. (SInv)
((Armour fits poorly on your strangely shaped body.))
((Your system is resistant to poisons. (rPois)))
((You cover ground very slowly.))
You have a slow metabolism.
You can spit poison.
((You can use your snake-like lower body to constrict enemies.))


Message History

The orcs go into a battle-frenzy!
The orc warrior closely misses you.
Found two rat skeletons and a cursed +0 dagger.
You squash the orc high priest like an ant!!!
You freeze the orc high priest!!
You kill the orc high priest!
Sif Muna accepts your kill.
The orc wizard mumbles some strange words.
The orc wizard blinks!
The orc high priest prays to Beogh.
The orc warrior completely misses you.
You hit the orc warrior. You freeze the orc warrior.
The orc warrior is lightly wounded.
Your ball python bites the orc warrior but does no damage.
Your ball python barely misses the orc warrior.
You punch the orc warrior! You freeze the orc warrior.
The orc warrior is severely wounded.
Your ball python misses the sun demon.
Your ball python grabs the sun demon.
Your ball python constricts the sun demon.
An orc priest comes into view. It is wielding a +0 short sword.
You punch the orc knight! You freeze the orc knight.
The orc knight is moderately wounded.
Your ball python bites the sun demon.
Your ball python constricts the sun demon.
The orc knight hits you with a +1 broad axe of chopping!
You punch the orc knight! You freeze the orc knight.
The orc knight is heavily wounded.
The sixfirhy hits you! The sixfirhy shocks you!
The sixfirhy hits you but does no damage.
The sixfirhy hits you. The sixfirhy shocks you!
Your ball python bites the sun demon but does no damage.
Your ball python constricts the sun demon.
The orc wizard mumbles some strange words.
The orc wizard blinks!
The sun demon barely misses you.
The orc high priest calls down the wrath of Beogh upon you.
Beogh smites you!
The orc high priest calls upon Beogh to heal the orc knight.
The orc knight's wounds heal themselves!
You swap places.
The sixfirhy hits your ball python.
Your ball python dies!
The sixfirhy hits you. The sixfirhy shocks you! The sun demon hits you.
You are engulfed in flames!
The orc knight roars a battlecry!
The orc knight goes into a battle-frenzy!
Really read
g - 10 scrolls of teleportation {@r3 !r}?
As you read the scroll of teleportation {@r3 !r}, it crumbles to dust.
You feel strangely unstable. The sun demon hits you.
You are engulfed in flames!
The sixfirhy hits you. The sixfirhy shocks you! The sixfirhy hits you!
* * * LOW HITPOINT WARNING * * *
The sixfirhy shocks you!
* * * LOW HITPOINT WARNING * * *
The sixfirhy closely misses you.
Things that are here:
a +0 long sword; a +0 plate armour; a +0 war axe Really quaff
o - 3 potions of heal wounds {@q2 !q}?
You feel much better. The sun demon hits you.
You are engulfed in flames!
* * * LOW HITPOINT WARNING * * *
Your surroundings seem slightly different.
Really read
g - 9 scrolls of teleportation {@r3 !r}?
As you read the scroll of teleportation {@r3 !r}, it crumbles to dust.
You feel strangely unstable.
Your song is almost over.
The sixfirhy hits you but does no damage. x2
The orc knight roars a battlecry!
The sixfirhy barely misses you. The sixfirhy hits you.
* * * LOW HITPOINT WARNING * * *
The sixfirhy shocks you!
* * * LOW HITPOINT WARNING * * *
The sixfirhy hits you.
* * * LOW HITPOINT WARNING * * *
The sixfirhy shocks you!
* * * LOW HITPOINT WARNING * * *
Some of the chunks of flesh in your inventory have rotted away.
Really quaff
o - 2 potions of heal wounds {@q2 !q}?
You feel much better. The sun demon hits you!
* * * LOW HITPOINT WARNING * * *
You are engulfed in flames!
* * * LOW HITPOINT WARNING * * *
Your surroundings seem slightly different.
The orc warrior no longer looks unusually strong.
The sixfirhy closely misses you.
The sixfirhy hits you but does no damage.
The sun demon barely misses you. The sixfirhy misses you.
The orc knight roars a battlecry!
The orcs go into a battle-frenzy!
Blink to where?
Press: ? - help, Dir - move target cursor You are very lightly contaminated with residual magic.
As you read the scroll of blinking {@r4}, it crumbles to dust.
Your song has ended.
Casting: Sticks to Snakes (safe; 1% risk of failure)
Confirm with . or Enter, or press ? or * to list all spells.
Your skin crawls.
The sixfirhy barely misses you. The sixfirhy hits you!
* * * LOW HITPOINT WARNING * * *
The sixfirhy shocks you!
You die...

#............##..........###
####..........###....#...# #
#.....###...##.#...#..##
#....#####)######.#####
######.##...# #..# #.......#
#### ##.....## ##....##
#...Y..#### ##..3...#.###
#....#......##
##.##.)......##
###...)......##
##...)......# ##.3....#.##
##...o...### ##.#....))#
รท...


You could see an orc knight and a sixfirhy.

Vanquished Creatures
  A fire dragon (Lair:6)
  Harold (Lair:2)
  11 hydras
  A vault guard (D:11)
  A catoblepas (Lair:6)
  Erica (D:9)
  A two-headed ogre (D:11)
  2 alligators
  2 centaur warriors
  An orc high priest (Orc)
  Sonja (Lair:3)
  A swamp dragon (Lair:6)
  Pikel (D:9)
  2 cyclopes
  2 orc knights (Orc)
  4 ugly things
  2 wolf spiders (Lair:6)
  3 orc sorcerers (Orc)
  A guardian serpent (Lair:6)
  11 black mambas
  Joseph (D:7)
  14 cane toads
  A centaur skeleton (D:10)
  A gargoyle (D:9)
  10 komodo dragons
  4 rime drakes
  2 hornets (Lair:6)
  3 trolls
  3 tyrant leeches (Lair:4)
  20 hippogriffs
  9 dream sheep
  3 blink frogs (Lair:4)
  Sigmund (D:6)
  14 wyverns
  3 wraiths (D:7)
  3 redbacks (Lair:6)
  42 yaks
  2 hogs (D:9)
  10 basilisks
  Eustachio (D:4)
  A steam dragon (Lair:6)
  A human (D:9)
  6 vampire mosquitoes (D:10)
  2 swamp worms (Lair:4)
  A warg (Orc)
  Menkaure (D:4)
  6 soldier ants (D:9)
  10 crocodiles
  4 acid dragons
  19 water moccasins
  8 porcupines
  A swamp drake (Lair:6)
  6 black bears
  18 orc warriors
  A hornet zombie (D:11)
  An eye of draining (D:9)
  2 ice beasts
  A phantom (D:7)
  4 sky beasts
  4 slaves (D:9)
  15 wolves
  9 ogres
  7 necrophages
  6 centaurs
  5 big kobolds
  15 bullfrogs
  4 elf zombies (Ossuary)
  A gnoll sergeant (D:10)
  3 scorpions
  A wight (D:7)
  13 killer bees
  A howler monkey (D:8)
  3 electric eels (Lair:1)
  5 crimson imps
  2 hounds
  7 human zombies
  3 jellies
  A centaur zombie (Ossuary)
  19 orc wizards
  12 orc priests
  A bullfrog skeleton (D:7)
  Natasha (thrice) (D:4)
  An iguana (Lair:6)
  18 worker ants
  A hound skeleton (D:8)
  3 mummies
  A worker ant zombie (D:7)
  3 gnolls (D:10)
  15 adders
  4 shadow imps
  2 adder skeletons
  A worm (D:2)
  2 dart slugs
  6 leopard geckos
  63 orcs
  3 bats
  7 giant cockroaches
  4 goblins
  13 hobgoblins
  18 jackals
  2 quokkas
  A ball python (D:1)
  4 frilled lizards
  3 goblin zombies (Ossuary)
  9 hobgoblin zombies (Ossuary)
  A jackal skeleton (D:7)
  25 kobolds
  6 kobold zombies (Ossuary)
  An orc skeleton (D:7)
  11 orc zombies
  A quokka zombie (D:6)
  6 rats
  2 rat zombies (Ossuary)
667 creatures vanquished.

Vanquished Creatures (collateral kills)
  2 jackals (D:1)
2 creatures vanquished.

Vanquished Creatures (others)
  An orc wizard (Orc)
  4 kobolds (D:9)
  62 fungi
  34 plants
101 creatures vanquished.

Grand Total: 770 creatures vanquished

Notes
Turn   | Place    | Note
-------+----------+-------------------------------------------
     0 | D:1      | MisterOstroum the Naga Transmuter began the quest for the
                  | Orb.
     0 | D:1      | Reached XP level 1. HP: 18/18 MP: 3/3
    54 | D:1      | Reached skill level 1 in Stealth
   106 | D:1      | Reached XP level 2. HP: 25/25 MP: 5/5
   110 | D:1      | Learned a level 2 spell: Sticks to Snakes
   533 | D:1      | Reached XP level 3. HP: 31/31 MP: 3/6
   556 | D:1      | Learned a level 3 spell: Spider Form
  1316 | D:2      | Reached skill level 1 in Poison Magic
  1471 | D:2      | Reached XP level 4. HP: 38/38 MP: 7/7
  2339 | D:3      | Reached XP level 5. HP: 16/45 MP: 2/8
  2567 | D:3      | Reached skill level 5 in Stealth
  2765 | D:3      | Found a runed translucent gate.
  2765 | D:3      | Found a runed translucent gate.
  2766 | D:3      | Found an opulent altar of Gozag.
  2769 | D:3      | Found a runed translucent gate.
  2770 | D:3      | Noticed Mrkan's ghost (amateur OgBe)
  2811 | D:3      | Found a corrupted altar of Lugonu.
  3006 | D:3      | Reached XP level 6. HP: 52/52 MP: 5/9
  3149 | D:3      | Found an opulent altar of Gozag.
  3576 | D:4      | Noticed Menkaure
  3576 | D:4      | Noticed a sky beast
  3617 | D:4      | Found Oczuoh's Magic Scroll Emporium.
  3633 | D:4      | Killed a sky beast
  3661 | D:4      | Noticed a hippogriff
  3667 | D:4      | Killed Menkaure
  3667 | D:4      | Reached skill level 4 in Unarmed Combat
  3667 | D:4      | Reached skill level 5 in Poison Magic
  3667 | D:4      | Reached XP level 7. HP: 46/61 MP: 8/10
  3676 | D:4      | Killed a hippogriff
  3700 | D:4      | Noticed Eustachio
  3709 | D:4      | Found an ancient bone altar of Kikubaaqudgha.
  3748 | D:4      | Found a sand-covered staircase.
  3749 | D:4      | Found a bloodstained altar of Trog.
  3757 | Ossuary  | Entered an ossuary
  4122 | Ossuary  | Reached XP level 8. HP: 53/69 MP: 7/11
  4486 | Ossuary  | Reached skill level 5 in Unarmed Combat
  4642 | D:4      | Found a glowing silver altar of Zin.
  4730 | D:4      | Killed Eustachio
  4770 | D:4      | Noticed Natasha
  4775 | D:4      | Killed Natasha
  4971 | D:4      | Reached skill level 5 in Transmutations
  5024 | D:4      | Noticed Natasha
  5030 | D:4      | Killed Natasha
  5030 | D:4      | Reached skill level 5 in Fighting
  5088 | D:4      | Bought a scroll of blinking for 105 gold pieces
  5088 | D:4      | Bought a scroll of fear for 49 gold pieces
  5088 | D:4      | Bought a scroll of magic mapping for 49 gold pieces
  5111 | D:4      | Reached XP level 9. HP: 81/81 MP: 13/13
  5200 | D:4      | Noticed Natasha
  5211 | D:4      | Killed Natasha
  5271 | D:5      | Entered Level 5 of the Dungeon
  5413 | D:5      | Reached skill level 6 in Unarmed Combat
  5450 | D:5      | Found Waoprew's Armour Boutique.
  5457 | D:5      | Learned a level 4 spell: Ice Form
  5463 | D:5      | Learned a level 5 spell: Blade Hands
  5625 | D:5      | Found a white marble altar of Elyvilon.
  5713 | D:5      | Found a sparkling altar of Nemelex Xobeh.
  6131 | D:6      | Noticed Sigmund
  6145 | D:6      | Killed Sigmund
  6177 | D:6      | Reached skill level 1 in Evocations
  6668 | D:6      | Found Ciucrytz's Antique Weapon Boutique.
  6908 | D:7      | Noticed Joseph
  7710 | D:7      | Found a shattered altar of Ashenzari.
  7717 | D:7      | Reached skill level 7 in Unarmed Combat
  8284 | D:7      | Found a staircase to the Ecumenical Temple.
  8310 | D:7      | Reached XP level 10. HP: 92/92 MP: 15/15
  8320 | Temple   | Entered the Ecumenical Temple
  8396 | Temple   | Became a worshipper of Sif Muna the Loreminder
  8475 | D:7      | Killed Joseph
  8815 | D:7      | Found a stormy altar of Qazlal.
  8999 | D:7      | Found a basalt altar of Yredelemnul.
 10275 | D:8      | Reached skill level 8 in Unarmed Combat
 10651 | D:8      | Reached skill level 1 in Ice Magic
 10903 | D:8      | Reached * piety under Sif Muna
 11114 | D:8      | Found a staircase to the Lair.
 11279 | D:8      | Reached XP level 11. HP: 100/103 MP: 17/17
 11548 | D:8      | Identified Meligga's Collected Works on the Glacier and
                  | Good Luck (Sif Muna gifted it to you on level 8 of the
                  | Dungeon)
 11548 | D:8      | Received a gift from Sif Muna
 11571 | D:8      | Learned a level 3 spell: Regeneration
 11724 | D:9      | Reached skill level 9 in Unarmed Combat
 12105 | D:9      | Found an ornate altar of the Wu Jian Council.
 12189 | D:9      | Found the +9 staff of Olgreb {rPois}
 12195 | D:9      | Noticed Erica
 12207 | D:9      | Found a runed gate.
 12208 | D:9      | Found a runed door.
 12218 | D:9      | Found a runed gate.
 12218 | D:9      | Found a runed gate.
 12226 | D:9      | Found a runed door.
 12243 | D:9      | Noticed Pikel
 12278 | D:9      | Killed Pikel
 12278 | D:9      | Reached skill level 5 in Dodging
 12858 | D:9      | Noticed a centaur warrior
 12871 | D:9      | Killed a centaur warrior
 13112 | D:9      | Found a sacrificial altar of Ru.
 13145 | D:9      | Found a hazy altar of Hepliaklqana.
 13322 | D:10     | Entered Level 10 of the Dungeon
 13322 | D:10     | Found Ubuotof's General Store.
 13335 | D:10     | Bought a scroll of teleportation for 39 gold pieces
 13397 | D:10     | Reached skill level 5 in Ice Magic
 14000 | D:10     | Noticed a purple ugly thing
 14029 | D:10     | Reached XP level 12. HP: 114/114 MP: 18/18
 14431 | D:10     | Reached skill level 10 in Unarmed Combat
 14441 | D:10     | Reached ** piety under Sif Muna
 15013 | D:9      | Killed Erica
 15121 | D:11     | Noticed a two-headed ogre
 15135 | D:11     | Killed a two-headed ogre
 15135 | D:11     | Reached skill level 10 in Fighting
 15158 | D:11     | Identified Sif Muna's Reference Book on Cold and Clay (Sif
                  | Muna gifted it to you on level 11 of the Dungeon)
 15158 | D:11     | Received a gift from Sif Muna
 15261 | D:11     | Noticed a centaur warrior
 15278 | D:11     | Killed a centaur warrior
 15812 | D:11     | Found a blossoming altar of Fedhas.
 15968 | D:11     | Noticed a vault guard
 16197 | D:11     | Reached skill level 5 in Spellcasting
 16256 | D:11     | Found a staircase to the Orcish Mines.
 16498 | D:11     | Noticed a vault guard
 16517 | D:11     | Reached skill level 1 in Invocations
 16617 | D:11     | Killed a vault guard
 16882 | D:9      | Reached *** piety under Sif Muna
 17046 | Lair:1   | Entered Level 1 of the Lair of Beasts
 17115 | Lair:1   | Gained mutation: You can use your snake-like lower body to
                  | constrict enemies. [Naga growth]
 17115 | Lair:1   | Reached XP level 13. HP: 115/123 MP: 16/21
 17307 | Lair:1   | Reached skill level 10 in Transmutations
 17674 | Lair:1   | Reached skill level 1 in Charms
 17785 | Lair:1   | Reached skill level 1 in Necromancy
 17789 | Lair:1   | Identified Sif Muna's Tome of Curses and Arcane Weapons
                  | (Sif Muna gifted it to you on level 1 of the Lair of
                  | Beasts)
 17789 | Lair:1   | Received a gift from Sif Muna
 18440 | Lair:2   | Noticed Harold
 18455 | Lair:2   | Killed Harold
 19658 | Lair:3   | Reached skill level 11 in Unarmed Combat
 19815 | Lair:3   | Noticed Sonja
 19824 | Lair:3   | Killed Sonja
 20317 | Lair:4   | Got an iridescent mace
 20816 | Lair:4   | Found a staircase to the Snake Pit.
 20931 | Lair:4   | Found a staircase to the Swamp.
 21781 | Lair:4   | Identified Sif Muna's Reference Book on Damaging Poison
                  | (Sif Muna gifted it to you on level 4 of the Lair of
                  | Beasts)
 21781 | Lair:4   | Received a gift from Sif Muna
 22132 | Lair:4   | Reached XP level 14. HP: 132/132 MP: 23/23
 22770 | Lair:5   | Found a staircase to the Slime Pits.
 22771 | Lair:5   | Found a viscous altar of Jiyva.
 23951 | Lair:5   | Learned a level 2 spell: Song of Slaying
 24310 | Lair:5   | Reached skill level 12 in Unarmed Combat
 24379 | Lair:6   | Entered Level 6 of the Lair of Beasts
 24737 | Lair:6   | Reached skill level 5 in Evocations
 24927 | Lair:6   | Reached skill level 5 in Necromancy
 25521 | Lair:6   | Reached skill level 5 in Charms
 25528 | Lair:6   | Identified Xutoiczi's Catalogue of Conjuration (Sif Muna
                  | gifted it to you on level 6 of the Lair of Beasts)
 25528 | Lair:6   | Received a gift from Sif Muna
 26180 | Lair:6   | Got a slimy granite ring
 26283 | Lair:6   | Reached XP level 15. HP: 102/140 MP: 19/25
 27890 | Orc      | Entered the Orcish Mines
 27890 | Orc      | Found a staircase to the Elven Halls.
 28574 | Orc      | Reached skill level 13 in Unarmed Combat
 29178 | Orc      | Slain by a sixfirhy

Skill      XL: |  1  2  3  4  5  6  7  8  9 10 11 12 13 14 15 |
---------------+----------------------------------------------+-----
Stealth        | 2 4 5 |  5.2
Poison Magic   | 1 2 3 5 6 |  6.0
Fighting       | 2 3 5 6 8 9 10 | 10.9
Transmutations | 3 4 5 6 8 9 10 11 | 11.1
Unarmed Combat | 4 5 7 8 9 10 11 12 13 | 13.0
Dodging        | 2 3 4 5 6 7 8 |  8.3
Spellcasting   | 3 4 5 6 7 |  7.0
Evocations     | 3 4 5 6 |  6.2
Ice Magic      | 2 5 6 |  6.5
Invocations    | 1 2 3 |  3.2
Charms         | 3 5 |  5.0
Necromancy     | 3 5 |  5.0

Action                   |  1- 3 |  4- 6 |  7- 9 | 10-12 | 13-15 || total
-------------------------+-------+-------+-------+-------+-------++-------
Melee: Unarmed           |    50 |    86 |   398 |   596 |   605 ||  1735
       Punch             |       |     2 |       |       |     1 ||     3
Throw: Tomahawk          |       |     1 |    10 |     2 |     1 ||    14
 Cast: Sticks to Snakes  |     1 |       |     2 |     3 |     5 ||    11
       Spider Form       |     1 |     8 |    12 |     7 |     4 ||    32
       Ice Form          |       |       |       |    14 |    10 ||    24
       Regeneration      |       |       |       |       |    32 ||    32
       Song of Slaying   |       |       |       |       |     9 ||     9
       Blade Hands       |       |       |       |       |     1 ||     1
Invok: Divine Energy     |       |       |       |     1 |       ||     1
 Abil: Spit Poison       |    42 |    47 |    38 |   129 |   133 ||   389
       End Transformatio |       |       |     1 |    12 |     5 ||    18
Evoke: Wand              |       |       |       |       |     6 ||     6
       Lightning rod     |       |       |       |       |     2 ||     2
       Lamp of fire      |       |       |       |       |     1 ||     1
  Use: Scroll            |       |     3 |     3 |       |    17 ||    23
       Potion            |       |     1 |     1 |       |     3 ||     5
 Stab: Sleeping          |       |       |     8 |    11 |     9 ||    28
       Distracted        |       |       |     2 |     2 |     2 ||     6
       Confused          |       |       |       |       |     1 ||     1
  Eat: Chunk             |    15 |     8 |    12 |    35 |    39 ||   109
Armor: Robe              |    15 |    13 |     2 |     2 |       ||    32
       Skin              |       |     5 |    28 |    44 |   139 ||   216
       Steam dragon scal |       |       |       |       |     2 ||     2
Dodge: Dodged            |    35 |    56 |   278 |   421 |   376 ||  1166
